Map: Shipwrecked LE

Players

derteo

  • Race: Protoss Protoss
  • Spawn Location: 6:00

JERRI

  • Race: Protoss Protoss
  • Spawn Location: 5:00

Quakois

  • Race: Protoss Protoss
  • Spawn Location: 5:00

BLOODDOG

  • Race: Zerg Zerg
  • Spawn Location: 3:00

diaamante

  • Race: Terran Terran
  • League: Platinum
  • Spawn Location: 12:00

MooEsqoo

  • Race: Protoss Protoss
  • Spawn Location: 9:00

Ielassamuraj

  • Race: Protoss Protoss
  • League: Platinum
  • Spawn Location: 11:00

StarIII

  • Race: Protoss Protoss
  • Spawn Location: 9:00

VOD

Have the link to the VOD?

Description

Time

  • Played on: Nov. 16, 2019, 1:54 p.m.
  • Length: 6:52
Show
View Real Time Build Order
Export as new Build Order

derteo Protoss 

Build Orders:  

Get SALT Encoding   

  12  0:03  Probe (Chrono Boost)  
  13  0:13  Probe (Chrono Boost)  
  14  0:17  Probe (Chrono Boost)  
  15  0:24  Pylon  
  15  0:44  Gateway  
  15  0:49  Forge  
  15  0:55  Pylon  
  15  0:58  Probe (Chrono Boost)  
  16  1:10  Probe (Chrono Boost)  
  17  1:16  Probe (Chrono Boost)  
  18  1:24  Probe  
  19  1:32  Photon Cannon  
  19  1:35  Cybernetics Core  
  19  1:41  Assimilator  
  19  1:47  Assimilator  
  19  1:50  Probe  
  20  2:02  Probe  
  21  2:22  Probe (Chrono Boost), Nexus  
  22  2:33  Probe (Chrono Boost)  
  23  2:37  Probe (Chrono Boost)  
  23  2:40  Stargate  
  24  2:48  Probe, Pylon  
  25  3:01  Probe  
  26  3:11  Photon Cannon  
  26  3:13  Probe  
  26  3:17  Stargate  
  27  3:22  Pylon  
  27  3:25  Probe  
  28  3:31  Assimilator  
  28  3:37  Probe (Chrono Boost), Assimilator  
  29  3:47  Probe (Chrono Boost)  
  30  3:53  Probe (Chrono Boost)  
  32  3:57  Probe (Chrono Boost)  
  32  4:00  Probe (Chrono Boost)  
  33  4:04  Probe (Chrono Boost)  
  33  4:05  Probe (Chrono Boost)  
  35  4:17  Probe (Chrono Boost)  
  37  4:21  Probe (Chrono Boost)  
  37  4:25  Probe (Chrono Boost)  
  37  4:28  Probe (Chrono Boost)  
  37  4:31  Probe  
  40  4:39  Probe  
  40  4:43  Void Ray  
  40  4:45  Void Ray  
  49  4:50  Stargate  
  49  4:51  Probe  
  50  4:53  Pylon  
  50  4:58  Robotics Facility  
  50  5:03  Probe (Chrono Boost)  
  50  5:14  Probe (Chrono Boost)  
  50  5:19  Probe (Chrono Boost)  
  46  5:30  Probe  
  46  5:35  Void Ray x2  
  47  5:41  Probe (Chrono Boost)  
  56  5:45  Observer  
  57  5:51  Probe (Chrono Boost)  
  57  5:56  Probe (Chrono Boost)  
  59  6:08  Probe  
  60  6:12  Probe  
  60  6:17  Nexus  
  61  6:20  Probe  
  61  6:22  Assimilator  
  61  6:24  Probe  
  63  6:26  Assimilator  
  63  6:30  Pylon  
  63  6:32  Probe  
  68  6:33  Pylon  
  68  6:36  Probe  
  69  6:40  Pylon  
  69  6:41  Pylon  
  69  6:44  Pylon  
Show
View Real Time Build Order
Export as new Build Order

JERRI Protoss 

Build Orders: Nexus First 

Get SALT Encoding   

  12  0:39  Nexus  
  12  0:49  Pylon  
  12  0:51  Probe (Chrono Boost)  
  13  1:01  Probe (Chrono Boost)  
  14  1:05  Probe (Chrono Boost)  
  15  1:15  Gateway  
  16  1:18  Probe (Chrono Boost)  
  16  1:28  Probe (Chrono Boost)  
  17  1:33  Probe (Chrono Boost), Assimilator  
  17  1:39  Assimilator  
  18  1:45  Probe  
  19  1:54  Probe  
  19  1:57  Probe  
  21  2:10  Cybernetics Core  
  21  2:11  Probe (Chrono Boost)  
  22  2:21  Probe (Chrono Boost)  
  22  2:22  Probe (Chrono Boost)  
  24  2:23  Assimilator  
  24  2:29  Probe (Chrono Boost)  
  26  2:32  Probe (Chrono Boost), Assimilator  
  26  2:35  Probe (Chrono Boost)  
  27  2:38  Probe (Chrono Boost)  
  27  2:42  Pylon  
  28  2:46  Probe  
  28  2:50  Probe  
  30  2:58  Probe (Chrono Boost)  
  30  3:01  Stargate  
  30  3:05  Probe (Chrono Boost)  
  32  3:10  Probe (Chrono Boost)  
  33  3:17  Stargate  
  33  3:18  Probe (Chrono Boost)  
  35  3:20  Probe (Chrono Boost)  
  35  3:26  Probe (Chrono Boost), Zealot  
  38  3:31  Probe (Chrono Boost)  
  39  3:37  Stargate  
  39  3:40  Probe  
  40  3:42  Pylon  
  44  3:50  Void Ray (Chrono Boost)  
  44  3:54  Pylon  
  44  4:00  Forge  
  44  4:02  Probe  
  45  4:06  Pylon  
  45  4:15  Void Ray (Chrono Boost)  
  49  4:20  Zealot  
  49  4:22  Pylon  
  55  4:26  Void Ray (Chrono Boost)  
  59  4:39  Void Ray (Chrono Boost)  
  59  4:41  Protoss Shields Level 1  
  59  4:50  Void Ray  
  63  4:54  Protoss Air Weapons Level 1  
  63  4:55  Probe  
  63  4:59  Pylon  
  64  5:02  Probe  
  65  5:07  Probe  
  66  5:15  Probe  
  66  5:16  Void Ray  
  66  5:19  Probe  
  68  5:50  Void Ray  
  68  5:52  Void Ray  
Show
View Real Time Build Order
Export as new Build Order

Quakois Protoss 

Build Orders:  

Get SALT Encoding   

  12  0:02  Probe (Chrono Boost)  
  13  0:16  Pylon  
  13  0:17  Probe (Chrono Boost)  
  14  0:26  Assimilator  
  14  0:38  Gateway  
  14  0:41  Probe  
  15  0:53  Probe  
  16  1:03  Gateway  
  16  1:05  Probe  
  17  1:17  Probe  
  18  1:25  Cybernetics Core  
  18  1:33  Gateway  
  18  1:50  Pylon  
  18  2:05  Twilight Council  
  18  2:10  Zealot x2  
  22  2:22  Zealot  
  24  2:35  Charge (Chrono Boost)  
  24  2:37  Zealot x2  
  26  2:38  Pylon  
  28  2:49  Zealot  
  30  3:04  Zealot  
  32  3:13  Zealot  
  32  3:16  Zealot  
  36  3:40  Zealot  
  38  3:46  Pylon  
  38  4:04  Zealot x2  
  38  4:07  Zealot  
  38  5:07  Zealot x2  
  38  5:08  Zealot  
  40  5:34  Zealot  
  40  5:35  Zealot x2  
  46  6:09  Zealot  
Show
View Real Time Build Order
Export as new Build Order

BLOODDOG Zerg 

Build Orders: Pool First 

Get SALT Encoding   

  12  0:03  Drone  
  13  0:09  Extractor  
  12  0:14  Drone  
  12  0:18  Drone  
  14  0:38  Spawning Pool  
  13  1:24  Metabolic Boost  
  13  1:26  Zergling x2  
  13  1:28  Overlord  
  14  1:45  Queen  
  14  1:46  Zergling x2  
  17  1:47  Zergling x2  
  17  1:53  Zergling x2  
  19  2:00  Drone  
  20  2:01  Hatchery  
  19  2:10  Zergling x2  
  20  2:20  Zergling x2  
  21  2:31  Zergling x2  
  22  2:43  Overlord  
  22  3:01  Overlord  
  22  3:03  Zergling x6  
  25  3:11  Queen  
  27  3:15  Zergling x4  
  29  3:33  Zergling x6  
  32  3:37  Zergling x2  
  33  3:49  Zergling x8  
  37  3:56  Overlord  
  36  4:25  Zergling x14  
  36  4:26  Zergling x6  
  41  4:40  Zergling x4  
  41  4:41  Zergling x4  
  37  5:06  Zergling x6  
  37  5:07  Zergling x2  
  40  5:32  Zergling x12  
  43  5:36  Overlord  
  31  5:56  Zergling x4  
  31  5:57  Zergling x6  
  32  6:08  Zergling x8  
  36  6:15  Zergling x4  
Show
View Real Time Build Order
Export as new Build Order

diaamante Terran 

Build Orders:  

Get SALT Encoding   

  12  0:02  SCV  
  13  0:19  Supply Depot  
  13  0:20  SCV  
  14  0:37  SCV  
  15  0:46  Barracks  
  15  0:49  SCV  
  16  1:01  SCV  
  17  1:37  Orbital Command  
  17  1:41  Marine, Command Center  
  18  2:07  SCV  
  19  2:09  Marine  
  19  2:10  Command Center  
  20  2:18  Refinery  
  20  2:24  Refinery  
  20  2:34  SCV  
  21  2:46  SCV  
  22  2:53  SCV  
  23  2:58  SCV  
  23  3:00  Refinery  
  24  3:11  SCV x2  
  26  3:15  Marine  
  27  3:26  SCV x3  
  30  3:36  Refinery  
  30  3:39  SCV, Factory  
  30  3:40  SCV x2  
  33  3:42  Marine  
  33  3:59  SCV x2  
  33  4:00  Marine, SCV  
  37  4:18  Marine  
  37  4:19  SCV x3, Bunker  
  37  4:24  Factory Tech Lab  
  41  4:28  Starport  
  41  4:31  SCV x3  
  41  4:36  Marine  
  45  4:43  SCV x3  
  48  4:48  Bunker  
  48  4:50  Siege Tank  
  51  4:54  Marine  
  51  4:55  SCV  
  53  5:19  Marine  
  51  5:37  Marine  
  52  5:43  Starport Tech Lab  
  52  5:48  Fusion Core, SCV  
  53  5:50  SCV  
  53  5:51  SCV  
  53  5:55  Marine  
  53  5:56  Siege Tank  
  52  6:00  SCV  
  52  6:03  SCV  
  48  6:13  Marine  
  45  6:24  Orbital Command  
  45  6:30  Marine  
  45  6:32  SCV x2  
Show
View Real Time Build Order
Export as new Build Order

MooEsqoo Protoss 

Build Orders: 1 Gate Expand 

Get SALT Encoding   

  12  0:01  Probe  
  13  0:13  Probe  
  14  0:19  Pylon  
  14  0:25  Probe  
  15  0:37  Probe  
  15  0:40  Gateway  
  17  0:50  Probe  
  17  1:02  Probe  
  18  1:12  Assimilator  
  18  1:14  Probe  
  19  1:26  Nexus  
  19  1:31  Probe  
  20  1:43  Probe, Cybernetics Core  
  21  1:52  Pylon  
  21  1:57  Assimilator  
  21  1:58  Probe  
  22  2:19  Robotics Facility  
  22  2:28  Probe  
  23  2:41  Twilight Council  
  23  2:43  Gateway  
  23  2:45  Gateway  
  23  2:48  Probe  
  23  2:49  Probe  
  25  3:00  Probe, Stalker (Chrono Boost)  
  25  3:01  Probe  
  29  3:15  Charge (Chrono Boost)  
  29  3:26  Stalker  
  31  3:32  Stalker  
  33  3:35  Stalker  
  35  3:42  Pylon  
  35  3:45  Pylon  
  35  3:48  Assimilator  
  35  4:04  Dark Shrine  
  35  4:15  Probe  
  35  4:16  Probe  
  37  4:23  Assimilator  
  37  4:27  Probe  
  37  4:28  Probe  
  39  4:35  Stalker  
  15  5:16  Probe  
  15  5:28  Probe  
  16  5:41  Probe  
  14  5:53  Probe  
  14  6:05  Probe  
  14  6:10  Gateway  
  15  6:17  Probe  
  16  6:29  Probe  
Show
View Real Time Build Order
Export as new Build Order

Ielassamuraj Protoss 

Build Orders:  

Get SALT Encoding   

  12  0:02  Probe  
  13  0:14  Probe  
  14  0:22  Pylon  
  14  0:26  Probe  
  15  0:40  Probe (Chrono Boost)  
  16  0:49  Probe (Chrono Boost)  
  17  0:55  Probe (Chrono Boost)  
  18  1:07  Probe  
  19  1:12  Nexus  
  19  1:18  Pylon  
  19  1:32  Gateway  
  19  1:36  Probe (Chrono Boost)  
  20  1:45  Assimilator  
  20  1:47  Probe (Chrono Boost)  
  21  1:51  Probe (Chrono Boost)  
  22  2:02  Probe, Assimilator  
  22  2:06  Assimilator  
  23  2:14  Probe (Chrono Boost)  
  23  2:15  Assimilator  
  24  2:24  Probe (Chrono Boost), Cybernetics Core  
  25  2:31  Probe (Chrono Boost), Pylon  
  25  2:33  Probe (Chrono Boost)  
  27  2:43  Probe (Chrono Boost)  
  29  2:45  Probe (Chrono Boost)  
  29  2:49  Probe (Chrono Boost)  
  30  2:52  Probe  
  31  3:01  Probe  
  31  3:05  Probe  
  33  3:13  Probe  
  33  3:19  Stargate  
  34  3:21  Probe, Stargate  
  34  3:25  Probe  
  36  3:33  Probe  
  37  3:37  Probe  
  38  3:52  Probe x2  
  38  3:54  Pylon  
  40  4:00  Pylon  
  40  4:01  Pylon  
  40  4:03  Pylon  
  40  4:04  Probe x2  
  40  4:08  Pylon  
  42  4:16  Pylon  
  42  4:23  Forge  
  42  4:25  Void Ray (Chrono Boost)  
  50  4:40  Void Ray (Chrono Boost)  
  50  4:58  Void Ray (Chrono Boost)  
  53  5:13  Void Ray (Chrono Boost)  
  57  5:32  Void Ray (Chrono Boost)  
  40  5:48  Void Ray (Chrono Boost)  
  44  5:58  Probe x2  
  46  6:10  Probe x2  
  48  6:12  Void Ray (Chrono Boost)  
  52  6:22  Probe x2  
Show
View Real Time Build Order
Export as new Build Order

StarIII Protoss 

Build Orders:  

Get SALT Encoding   

  12  0:01  Probe (Chrono Boost)  
  13  0:11  Probe (Chrono Boost)  
  14  0:16  Probe (Chrono Boost)  
  15  0:25  Pylon  
  15  0:33  Assimilator  
  15  0:37  Assimilator  
  15  0:47  Gateway  
  15  0:51  Probe  
  16  1:05  Probe (Chrono Boost)  
  17  1:16  Probe (Chrono Boost)  
  18  1:21  Probe (Chrono Boost)  
  19  1:32  Probe  
  20  1:36  Cybernetics Core  
  20  1:44  Probe  
  21  1:55  Pylon  
  21  1:56  Probe  
  22  2:08  Probe  
  23  2:15  Stargate  
  23  2:16  Stargate  
  23  2:20  Probe  
  24  2:32  Probe  
  24  2:33  Pylon  
  25  2:39  Pylon  
  25  2:44  Probe  
  26  2:56  Void Ray (Chrono Boost)  
  26  3:03  Void Ray (Chrono Boost)  
  34  3:19  Pylon  
  34  3:22  Probe  
  35  3:32  Void Ray  
  39  3:34  Probe  
  16  4:53  Probe (Chrono Boost)  
  17  5:03  Probe (Chrono Boost)  
  18  5:08  Probe (Chrono Boost)  
  19  5:29  Void Ray  
  7  5:42  Pylon  
  7  5:45  Probe (Chrono Boost)  
  8  5:55  Probe (Chrono Boost)  
  9  6:00  Probe (Chrono Boost)  
  10  6:11  Probe  
Tags
 
Add a new tag
Caveats
  • Supply blocks, unpowered buildings, or Contaminate may cause inaccurate times.
  • Supply counts are checked every 10 seconds.